 Dungeon Crawl Stone Soup version 0.19.1 (webtiles) character file.

105 Faca the Shield-Bearer (level 5, -1/42 HPs)
             Began as a Formicid Fighter on Dec 8, 2016.
             Slain by jordan's ghost (9 damage)
             ... on level 3 of the Dungeon.
             The game lasted 00:06:10 (1515 turns).

Faca the Shield-Bearer (Formicid Fighter)           Turns: 1515, Time: 00:06:10

Health: -1/42      AC: 16    Str: 20    XL:     5   Next: 8%
Magic:  5/5        EV:  6    Int:  8    God:
Gold:   133        SH:  9    Dex: 11    Spells: 0 memorised, 4 levels left

rFire  . . .     SeeInvis +     l - +1 mace (protect)
rCold  . . .     Gourm    .     k - +0 chain mail
rNeg   . . .     Faith    .     c - +0 shield
rPois  .         Spirit   .     (helmet unavailable)
rElec  .         Reflect  .     (no cloak)
rCorr  .         Harm     .     (no gloves)
MR     .....                    (no boots)
Stlth  ..........               e - amulet of regeneration
                                (no ring)
                                (no ring)

@: protection aura
A: permanent stasis, dig shafts and tunnels, four strong arms, antennae 3
a: Dig, Shaft Self


You were on level 3 of the Dungeon.
You were not hungry.

You visited 1 branch of the dungeon, and saw 3 of its levels.

You collected 133 gold pieces.

Inventory:

Hand Weapons
 a - a +0 flail
 l - a +1 mace of protection (weapon)
Armour
 c - a +0 shield (worn)
 k - a +0 chain mail (worn)
Jewellery
 e - an amulet of regeneration (around neck)
Scrolls
 h - a scroll of fear
 i - 2 scrolls of remove curse
Potions
 d - a potion of might
 j - a potion of magic
Comestibles
 f - 3 bread rations
 g - a meat ration
 m - a royal jelly


   Skills:
 + Level 3.7 Fighting
 + Level 3.5 Maces & Flails
 + Level 3.9 Armour
 + Level 0.3 Dodging
 + Level 0.3 Stealth
 + Level 4.2 Shields


You had 4 spell levels left.
You didn't know any spells.

Dungeon Overview and Level Annotations

Branches:
Dungeon (3/15)

Altars:

Annotations:
D:3 jordan's ghost, amateur MfGl


Innate Abilities, Weirdness & Mutations

You are under a permanent stasis effect.
You can dig through walls and to a lower floor.
Your four strong arms can wield two-handed weapons with a shield.
You have a pair of large antennae on your head. (SInv)


Message History

Jordan's ghost hits you but does no damage.
You hit jordan's ghost but do no damage.
Jordan's ghost is severely damaged.
Jordan's ghost hits you but does no damage.
You closely miss jordan's ghost.
Jordan's ghost is severely damaged.
Jordan's ghost hits you!
* * * LOW HITPOINT WARNING * * *
Jordan's ghost closely misses you.
You hit jordan's ghost.
Jordan's ghost is severely damaged.
Jordan's ghost hits you but does no damage.
You closely miss jordan's ghost.
Jordan's ghost is severely damaged.
Jordan's ghost hits you.
* * * LOW HITPOINT WARNING * * *
You hit jordan's ghost but do no damage.
Jordan's ghost is severely damaged.
Jordan's ghost hits you!
You die...

*************..*********,* *,*
**.## *,* *,*** *..# *,* *,,,,
*#.# *,* ***** ########'##### *,*
#............# #.# #............#
#.# #............# #.#
*******#........@...# #.#
,,,,,,*#........W...# #.#
*****,*##########.### #.#
*****,*********##..#####.########
,,,**,,,,,,,,,,#.................
,,,**,,******,*#.#..####.########
,,,**,{,,,,,......#.# #.#
,,,**,******#.##..#.# #.# ,,,**,*
#,#...#.#* #.#


You could see jordan's ghost.

Vanquished Creatures
  4 adders (D:2)
  2 oozes (D:2)
  A worm (D:2)
  A dart slug (D:1)
  A leopard gecko (D:1)
  2 giant cockroaches (D:2)
  4 goblins
  8 hobgoblins
  8 jackals (D:2)
  7 kobolds
  2 ball pythons (D:2)
  5 bats
  A frilled lizard (D:2)
  5 rats
51 creatures vanquished.

Notes
Turn   | Place    | Note
-------+----------+-------------------------------------------
     0 | D:1      | Faca the Formicid Fighter began the quest for the Orb.
     0 | D:1      | Reached XP level 1. HP: 18/18 MP: 1/1
    88 | D:1      | Reached XP level 2. HP: 18/24 MP: 2/2
   588 | D:2      | Reached XP level 3. HP: 29/29 MP: 3/3
   728 | D:2      | Reached XP level 4. HP: 25/35 MP: 4/4
   755 | D:2      | Reached skill level 4 in Shields
  1063 | D:2      | Reached XP level 5. HP: 42/42 MP: 5/5
  1486 | D:3      | Noticed jordan's ghost (amateur MfGl)
  1515 | D:3      | Slain by jordan's ghost

Skill      XL: |  1  2  3  4 |
---------------+-------------+-----
Maces & Flails | 3 |  3.5
Shields        | 4 |  4.2
Fighting       | |  3.7
Armour         | |  3.9
Dodging        | |  0.3
Stealth        | |  0.3

Action                   |  1- 3 |  4- 6 || total
-------------------------+-------+-------++-------
Melee: Flail             |   110 |   102 ||   212
       Mace              |       |    29 ||    29
  Use: Scroll            |     3 |     6 ||     9
  Eat: Chunk             |       |     1 ||     1
       Beef jerky        |       |     1 ||     1
Armor: Scale mail        |    50 |     3 ||    53
       Chain mail        |       |    73 ||    73
Dodge: Dodged            |    41 |    35 ||    76
Block: Shield            |    58 |    74 ||   132
